Brian, chaotic male elven Wizard ---- --- ---- --..---..| |..--------------........--- |<..........@G.............| -- --------------).....Gh...^....- |....^......................- ---......G..................| --...).......G...........-- |.*..................---- --......|.........---- ..).----........- ...--- --.......- .--- --...... - ---....| ----- Brian the Conjurer Experience level: 4 Strength: 10 Dexterity: 11 Constitution: 14 Intelligence: 18 Wisdom: 10 Charisma: 12 Health: 0(27) Energy: 20(43) Def: 2 Gold: 406 Moves: 975 Dungeon seed: NQ_M3figZWoLf2fK Game ID: Brian_1616015302 Your Inventory: Coins $ - 406 gold pieces Weapons a - a blessed +1 quarterstaff (weapon in hands) q - a blessed +0 orcish dagger u - 2 +0 orcish daggers x - a +0 arrow Armor e - an uncursed +1 cloak of magic resistance (being worn) y - a blessed +1 dwarvish cloak Comestibles p - 4 uncursed food rations t - 4 uncursed lichen corpses Scrolls i - an uncursed scroll of remove curse j - an uncursed scroll of light o - an uncursed scroll of blank paper Spellbooks l - a blessed spellbook of force bolt m - an uncursed spellbook of detect food v - an uncursed spellbook of knock Potions f - an uncursed potion of water g - an uncursed potion of gain energy h - an uncursed potion of see invisible r - an uncursed potion of confusion Rings c - an uncursed ring of stealth (on left hand) d - an uncursed ring of teleportation Wands b - a wand of probing (0:5) Tools n - an uncursed wooden flute Gems z - an uncursed topaz stone N - an uncursed amber stone Spells and supernatural/magical abilities: Name Level Category Fail Memory a - force bolt 1 attack 0% 96% k - knock 1 matter 0% 99% E - detect food 2 divination 53% 96% W - pray for help -- divine ? -- Your skills at the end: Fighting Skills Weapon Skills quarterstaff [Basic] Spellcasting Skills attack spells [Basic] enchantment spells [Basic] Final Attributes: You were piously aligned. You were sleep resistant. You were magic-protected. You had infravision. You were stealthy. You are dead. Vanquished creatures: a gnome lord a dwarf an iguana a gas spore 2 giant rats 3 gnomes 6 jackals 4 goblins a sewer rat 5 grid bugs 5 lichens a kobold zombie 3 newts 34 creatures vanquished. Voluntary challenges: You used a wielded weapon 14 times, starting on turn 90. You read items or engraved 3 times, starting on turn 1. You never genocided any monsters. You never polymorphed an object. You never changed form. You used no wishes. You never split a pudding. You never wrote Elbereth's name. You never violated your personal moral code. Dungeon overview: The Dungeons of Doom: levels 1 to 3 Level 1 some fountains a long staircase Level 2 a fountain Level 3 a fountain stairs to The Gnomish Mines The Gnomish Mines: Level 4 <- You were here stairs to The Dungeons of Doom History has recorded: On T:1 you entered the Dungeons of Doom to retrieve the Amulet of Yendor! On T:266 you reached level 2 of The Dungeons of Doom. On T:508 you advanced to experience level 2. On T:552 you reached level 3 of The Dungeons of Doom. On T:631 you advanced to experience level 3. On T:937 you reached level 1 of The Gnomish Mines. On T:956 you advanced to experience level 4. Score breakdown: Gold: 406 ( 8876 points) Experience: 4 levels ( 9649 points) Exploration: 4 levels ( 8.00%) ( 7423 points) Discoveries: 2 items ( 0.72%) ( 2553 points) Valuables value: (no points given unless you survive) Artifact value: 0 ( 0 points) Variety of kills: 13 monsters ( 3.41%) ( 5541 points) Turncount: 975 turns ( 0 points) Survival: died (score multiplied by 80%) Total score: 27233 Latest messages: The dwarf lord thrusts his dagger. The dwarf lord hits! The gnome is almost hit by an arrow! The gnome picks up an arrow. The spell hits the dwarf lord! The dwarf lord resists! Qwerty bites the gnome. The gnome is killed! The gnome king wields a thonged club! You stop running. The spell hits the gnome king! You hit the gnome king. The gnome picks up a pair of hard shoes. The gnome puts on a pair of hard shoes. You hit the gnome king. The gnome king swings his thonged club. The gnome king hits! You die... Final status: Goodbye Brian the Wizard, killed by a gnome king... You died in The Gnomish Mines on dungeon level 4 with 27233 points, and 406 pieces of gold, after 975 moves. You were level 4 with a maximum of 27 hit points when you died.